 Dungeon Crawl Stone Soup version 0.28-a0-863-g8cecda6153 (webtiles) character file.

Game seed: 10539637919488471808

88 bande the Shield-Bearer (level 4, -1/28 HPs)
             Began as a Gargoyle Fighter on Nov 16, 2021.
             Slain by a gnoll (5 damage)
             ... on level 3 of the Dungeon.
             The game lasted 00:02:51 (2851 turns).

bande the Shield-Bearer (Gargoyle Fighter)          Turns: 2851, Time: 00:02:52

Health: -1/28      AC: 10    Str: 20    XL:     4   Next: 53%
Magic:  4/4        EV:  9    Int:  9    God:
Gold:   26         SH:  4    Dex:  9    Spells: 3/3 levels left

rFire   + . .      SeeInvis +   a - +0 war axe
rCold   + . .      Faith    .   c - +0 buckler
rNeg    + . .      Spirit   .   b - +0 scale mail
rPois   ∞          Reflect  .   (no helmet)
rElec   +          Harm     .   (no cloak)
rCorr   +          Rampage  .   (no gloves)
Will    .....                   (no boots)
Stlth   ..........              (no amulet)
HPRegen 0.09/turn               e - ring of see invisible
MPRegen 0.09/turn               (no ring)

@: resistant
A: sickness immunity, AC +3, negative energy resistance 1, electricity
resistance, torment resistance 1, petrification resistance
a: no special abilities


You were on level 3 of the Dungeon.
You visited 1 branch of the dungeon, and saw 3 of its levels.

You collected 26 gold pieces.

Inventory:

Hand Weapons
 a - a +0 war axe (weapon)
 g - a +0 war axe
Armour
 b - a +0 scale mail (worn)
 c - a +0 buckler (worn)
Jewellery
 e - a ring of see invisible (left hand)
 j - a ring of fire
Wands
 h - a wand of digging (4)
Potions
 d - a potion of might
 f - a potion of haste {unknown}
 i - a potion of resistance


   Skills:
 + Level 3.6 Fighting
 + Level 2.7 Axes
 + Level 3.8 Armour
 - Level 0.2 Dodging
 - Level 0.2 Stealth
 + Level 3.9 Shields
 * Level 1.1 Evocations


You had 3 spell levels left.
You didn't know any spells.
Your spell library was empty.

Dungeon Overview and Level Annotations

Branches:
Dungeon (3/15)

Altars:

Shops:
D:1 *


Innate Abilities, Weirdness & Mutations

You are immune to sickness and miasma.
Your stone body is resilient. (AC +3)
You are immune to poison.
You resist negative energy. (rN+)
You are resistant to electric shocks. (rElec)
You are resistant to unholy torment.
You are immune to petrification.


Message History

No target in view!
No target in view!
No target in view!
A gnoll comes into view. It is wielding a +0 spear.
A gnoll is nearby!
The gnoll shouts!
You hear an angry hiss.
A goblin comes into view. It is wielding a +0 dagger.
The goblin shouts!
You hear a shout!
A gnoll comes into view. It is wielding a +0 spear.
A gnoll comes into view. It is wielding a +2 vorpal halberd.
The gnoll shouts!
The gnoll closely misses you.
A ball python comes into view.
The gnoll hits you with a +0 spear.
You hit the gnoll.
The gnoll is lightly wounded.
You slash the goblin!
You kill the goblin!
The gnoll hits you with a +0 spear.
You slash the gnoll!
The gnoll is severely wounded.
The gnoll hits you from afar with a +0 spear.
The gnoll hits you with a +0 spear! The gnoll hits you but does no damage.
You block the gnoll's attack. The gnoll hits you with a +0 spear.
* * * LOW HITPOINT WARNING * * *
You are too injured to fight recklessly!
You are too injured to fight recklessly!
You are too injured to fight recklessly!
You are too injured to fight recklessly!
You are too injured to fight recklessly!
You are too injured to fight recklessly!
You are too injured to fight recklessly!
You are too injured to fight recklessly!
Unknown command.
It was a potion of resistance.
You feel protected.
The gnoll hits you from afar with a +0 spear.
* * * LOW HITPOINT WARNING * * *
The gnoll hits you with a +0 spear.
You die...

#.#
.........#.#
.........#.#
.........#.#
.........#.#
#.......#.#
#....gg.#.#
##....g).#.#
#.....S@.#.#
#........#.#
#........#.#
#........#.#
#.###......#
# ######.#
#.# #.. #.##


You could see 3 gnolls and a ball python.

Vanquished Creatures
  An iguana (D:2)
  2 worms
  A dart slug (D:1)
  6 ball pythons
  2 endoplasms (D:1)
  6 hobgoblins
  4 jackals
  6 quokkas
  2 bats
  3 frilled lizards
  8 goblins
  3 kobolds (D:2)
  3 rats
47 creatures vanquished.

Notes
Turn   | Place    | Note
-------+----------+-------------------------------------------
     0 | D:1      | bande the Gargoyle Fighter began the quest for the Orb.
     0 | D:1      | Reached XP level 1. HP: 14/14 MP: 1/1
   147 | D:1      | Found Alefuuq's General Store.
   154 | D:1      | Reached XP level 2. HP: 18/19 MP: 2/2
   662 | D:1      | Reached XP level 3. HP: 23/23 MP: 3/3
  1748 | D:2      | Reached XP level 4. HP: 19/28 MP: 4/4
  1936 | D:2      | Found a faded altar of an unknown god.
  2094 | D:3      | Reached skill level 1 in Evocations
  2851 | D:3      | Slain by a gnoll

Illustrated notes

Levels and vault maps discovered:
D:1:      minmay_arrival_hallway, layout_loops_ring, serial_shops, shop_statue
D:2:      layout_rooms, chequers_ecumenical_altar_simple
D:3:      layout_basic, nicolae_hepliaklqana_hippocampus, minmay_goblin_outpost

Skill      XL: |  1  2  3  4 |
---------------+-------------+-----
Axes           | 2 |  2.7
Evocations     | 1 |  1.1
Fighting       | |  3.6
Armour         | |  3.8
Dodging        | |  0.2
Stealth        | |  0.2
Shields        | |  3.9

Action                   |  1- 3 |  4- 6 || total
-------------------------+-------+-------++-------
Melee: War axe           |   104 |    49 ||   153
  Use: Scroll            |       |     2 ||     2
       Potion            |       |     1 ||     1
Armor: Scale mail        |    47 |    39 ||    86
Dodge: Dodged            |    47 |    41 ||    88
Block: Buckler           |    33 |    14 ||    47

Table legend: (Time is in decaauts)
 A = Elapsed time spent in this place.
 B = Non-inter-level travel time spent in this place.
 C = Inter-level travel time spent in this place.
 D = Time resting spent in this place.
 E = Time spent auto-exploring this place.
 F = Levels seen in this place.
 G = Mean time per level.
                   A        B        C        D        E       F      G
               +--------+--------+--------+--------+--------+-----+--------+
         Total |   2911 |   2911 |      0 |    735 |   1678 |   3 |  970.3 |
       Dungeon |   2911 |   2911 |      0 |    735 |   1678 |   3 |  970.3 |
               +--------+--------+--------+--------+--------+-----+--------+

Top non-repeatable levels by time:
     D:2: 1071 daAuts
     D:1: 999 daAuts
     D:3: 841 daAuts
